Senateurs vs Capitals

Created - 6 décembre 2019 at 12:48

Goals
1 2 3 T
Senateurs 0 0 3 3
Capitals 0 0 2 2
Shots
1 2 3 T
Senateurs 6 8 19 33
Capitals 14 9 5 28

1st period

No Goal

Penalties :
Ben Chiarot (WAS) for Tripping (Minor) at 1:24

2nd period

No Goal

Penalties :
Frans Nielsen (OTT) for Tripping (Minor) at 4:52, Jake Virtanen (OTT) for Roughing (Minor) at 12:01

3rd period

1. Senateurs , Jakub Voracek 12 (Dougie Hamilton 6, Steven Stamkos 17) at 1:22
2. Senateurs , Jakub Voracek 13 (Steven Stamkos 18, Loui Eriksson 3) at 7:46
3. Senateurs , Jakub Voracek 14 (Steven Stamkos 19) at 7:58
4. Capitals , Darren Helm 3 (Jake Guentzel 13, Anton Stralman 2) at 13:39
5. Capitals , Brock Nelson 5 (Damon Severson 6) at 14:50

Penalties :
Kevin Rooney (WAS) for Cross-checking (Minor) at 4:04, Jake McCabe (OTT) for Holding (Minor) at 9:02

Goalie Stats

Mike Smith (OTT), 26 saves from 28 shots - (0,929), W, 12-5-3, 60:00 minutes
Samuel Montembeault (WAS), 30 saves from 33 shots - (0,909), L, 2-3-0, 59:01 minutes

Players Stats for Senateurs

Player Name              G  A  P  +/- PIM S  H  SB GA TA FO     MP     PP MP  PK MP  
------------------------------------------------------------------------------------
Christian Folin          0  0  0  -1  0   0  2  0  0  1  0/0    16:52   0:19   2:17 
Devin Shore              0  0  0   0  0   0  1  0  0  0  0/1    12:43   0:00   0:00 
Dougie Hamilton          0  1  1   1  0   4  3  1  0  1  0/0    24:04   2:28   0:56 
Dustin Brown             0  0  0   0  0   2  1  0  0  0  0/0    18:44   1:57   3:25 
Erik Gustafsson          0  0  0   1  0   0  1  0  0  1  0/0    18:48   2:09   0:00 
Erik Haula               0  0  0   0  0   1  2  0  0  0  0/3    12:38   2:01   0:00 
Frans Nielsen            0  0  0   0  2   1  2  0  1  0  6/10   15:38   2:01   1:10 
Jake McCabe              0  0  0   1  2   0  1  1  0  2  0/0    19:59   1:30   2:30 
Jake Virtanen            0  0  0   2  2   3  2  0  0  0  0/0    16:30   0:00   0:00 
Jakub Voracek            3  0  3   2  0   6  4  0  0  0  1/2    19:46   1:57   1:38 
Jared McCann             0  0  0   0  0   2  1  0  0  0  0/1    14:09   2:01   1:02 
Jesper Fast              0  0  0   0  0   0  2  1  0  1  0/0    11:29   0:00   0:00 
Karl Alzner              0  0  0  -1  0   0  5  1  0  2  0/0    16:05   0:00   2:31 
Loui Eriksson            0  1  1  -1  0   1  0  0  0  0  0/0     9:26   0:00   0:00 
Lucas Wallmark           0  0  0  -1  0   0  2  0  1  0  2/2     9:26   0:00   0:00 
Nikita Zaitsev           0  0  0   1  0   2  2  0  0  1  0/0    24:40   1:30   3:40 
Steven Stamkos           0  3  3   2  0   7  3  1  0  0  18/26  22:08   1:57   3:24 
Tanner Pearson           0  0  0  -1  0   4  1  0  0  0  0/0    10:55   0:00   1:15 

Players Stats for Capitals

Player Name              G  A  P  +/- PIM S  H  SB GA TA FO     MP     PP MP  PK MP  
------------------------------------------------------------------------------------
Anton Stralman           0  1  1   0  0   2  0  0  0  0  0/0    20:34   2:21   1:44 
Ben Chiarot              0  0  0  -1  2   0  0  0  0  0  0/0    15:38   0:00   0:00 
Brady Skjei              0  0  0   0  0   2  2  1  1  0  0/0    25:40   3:36   2:14 
Brock Nelson             1  0  1  -1  0   3  2  0  1  0  10/24  24:13   3:12   2:08 
Damon Severson           0  1  1  -1  0   2  2  3  0  1  0/0    26:48   3:36   2:14 
Darren Helm              1  0  1   0  0   3  1  0  0  0  0/2    18:39   2:17   0:07 
Derek Grant              0  0  0   0  0   0  1  1  0  0  0/1     3:29   0:41   0:00 
Elias Pettersson         0  0  0   0  0   1  2  2  2  0  0/1    22:11   3:12   2:02 
Ian Cole                 0  0  0   0  0   1  4  1  0  0  0/0    19:41   2:21   1:44 
Jake Guentzel            0  1  1   0  0   2  4  0  1  0  2/8    19:44   2:17   1:25 
Joel Eriksson Ek         0  0  0   0  0   3  2  0  0  0  0/1    14:00   0:28   0:22 
Josh Bailey              0  0  0   0  0   2  1  1  2  0  1/1    17:55   2:17   0:00 
Kevin Rooney             0  0  0  -1  2   0  0  0  0  0  0/0     5:43   0:00   0:00 
Riley Sheahan            0  0  0  -1  0   0  0  0  0  0  1/1     6:02   0:00   0:27 
Tomas Tatar              0  0  0   0  0   3  0  1  0  1  0/2    19:57   2:59   1:25 
Tyler Pitlick            0  0  0   0  0   3  0  0  0  0  0/0    13:02   0:00   0:00 
Valtteri Filppula        0  0  0   0  0   1  1  0  2  0  4/4    13:38   0:28   0:00 
Zach Bogosian            0  0  0   0  0   0  0  1  0  0  0/0     9:06   0:00   0:00 

3 Stars

1 - Jakub Voracek (OTT)
2 - Steven Stamkos (OTT)
3 - Dougie Hamilton (OTT)

Power Play

Senateurs - 0 on 2 Attempt(s) - 0,00%
Capitals - 0 on 3 Attempt(s) - 0,00%

Penalty Kill

Senateurs - 3 on 3 Attempt(s) - 100,00% - Score 0 goal in Penalty Kill
Capitals - 2 on 2 Attempt(s) - 100,00% - Score 0 goal in Penalty Kill

Team Stat

Senateurs - Hits : 35 - Faceoff Wins : 27 - Blocked Shots : 5 - Penalty Minutes : 6
Capitals - Hits : 22 - Faceoff Wins : 18 - Blocked Shots : 11 - Penalty Minutes : 4

Official

Referees : Eric Furlatt and Dave Jackson
Linesman : Greg Devorski and Scott Driscoll

Game Notes

Zach Bogosian is injured at 11:36 of 2nd period (Bruised Right Foot)
Jakub Voracek has scored a Hat Trick!

Finance

Level 1 -- Attendance: 4340 (72,33%) -- Ticket Income 434 000 $
Level 2 -- Attendance: 3234 (64,68%) -- Ticket Income 226 380 $
Level 3 -- Attendance: 1414 (70,70%) -- Ticket Income 59 388 $
Level 4 -- Attendance: 2803 (70,08%) -- Ticket Income 70 075 $
Luxury Box -- Attendance: 690 (69,00%) -- Ticket Income 134 550 $
Game was played at the Washington Arena.
Total Attendance: 12481 (69,34%)
Total Ticket Income: 924 393 $
Other Income: 452 953 $
Total Income: 1 377 346 $

Senateurs

5 vs 5 Forward 
   Center                   Left Wing                Right Wing               Time % Phy DF OF 
 1 Steven Stamkos           Jake Virtanen            Jakub Voracek            40     1   2  2  
 2 Frans Nielsen            Dustin Brown             Devin Shore              30     1   2  2  
 3 Erik Haula               Jesper Fast              Jared McCann             20     1   2  2  
 4 Lucas Wallmark           Tanner Pearson           Loui Eriksson            10     1   2  2  

5 vs 5 Defense 
   Defense                  Defense                                           Time % Phy DF OF 
 1 Nikita Zaitsev           Dougie Hamilton                                   40     1   2  2  
 2 Jake McCabe              Erik Gustafsson                                   30     1   2  2  
 3 Christian Folin          Karl Alzner                                       20     1   2  2  
 4 Dougie Hamilton          Erik Gustafsson                                   10     1   2  2  

PowerPlay Forward 
   Center                   Left Wing                Right Wing               Time % Phy DF OF 
 1 Steven Stamkos           Dustin Brown             Jakub Voracek            60     1   2  2  
 2 Frans Nielsen            Erik Haula               Jared McCann             40     1   2  2  

PowerPlay Defense
   Defense                  Defense                                           Time % Phy DF OF 
 1 Dougie Hamilton          Erik Gustafsson                                   60     1   2  2  
 2 Nikita Zaitsev           Jake McCabe                                       40     1   2  2  

Penalty Kill 4 Players Forward 
   Center                   Wing                     Time % Phy DF OF 
 1 Steven Stamkos           Dustin Brown             60     1   2  2  
 2 Jakub Voracek            Frans Nielsen            40     1   2  2  

Penalty Kill 4 Players Defense
   Defense                  Defense                  Time % Phy DF OF 
 1 Nikita Zaitsev           Jake McCabe              60     1   2  2  
 2 Christian Folin          Karl Alzner              40     1   2  2  

Penalty Kill - 3 Players Forward 
   Forward                                           Time % Phy DF OF 
 1 Steven Stamkos                                    60     1   2  2  
 2 Dustin Brown                                      40     1   2  2  

Penalty Kill - 3 Players Defense
   Defense                  Defense                  Time % Phy DF OF 
 1 Nikita Zaitsev           Jake McCabe              60     1   2  2  
 2 Christian Folin          Karl Alzner              40     1   2  2  

4 vs 4 Forward 
   Center                   Wing                     Time % Phy DF OF 
 1 Steven Stamkos           Dustin Brown             60     1   2  2  
 2 Jakub Voracek            Frans Nielsen            40     1   2  2  

4 vs 4 Defense
   Defense                  Defense                  Time % Phy DF OF 
 1 Nikita Zaitsev           Dougie Hamilton          60     1   2  2  
 2 Jake McCabe              Erik Gustafsson          40     1   2  2  

Last Minutes Offensive
   Center                   Left Wing                Right Wing               Defense                  Defense                  
   Steven Stamkos           Dustin Brown             Jakub Voracek            Nikita Zaitsev           Dougie Hamilton          

Last Minutes Defensive
   Center                   Left Wing                Right Wing               Defense                  Defense                  
   Steven Stamkos           Dustin Brown             Jakub Voracek            Nikita Zaitsev           Dougie Hamilton          

Goaltenders
Starting : Mike Smith               
Backup : Cory Schneider           

Extra Forwards
Normal : Jesper Fast, Jake Virtanen, Tanner Pearson - PP : Jesper Fast, Jake Virtanen - PK : Tanner Pearson
Extra Defensemen
Normal : Christian Folin, Karl Alzner, Jake McCabe - PP : Christian Folin - PK : Karl Alzner, Jake McCabe
Penalty Shots
Steven Stamkos, Dustin Brown, Jakub Voracek, Frans Nielsen, Jared McCann
Custom OT Lines Forwards
Steven Stamkos, Dustin Brown, Jakub Voracek, Frans Nielsen, Jared McCann, Devin Shore, Jesper Fast, Jake Virtanen, Tanner Pearson, Loui Eriksson
Custom OT Lines Defensemen
Nikita Zaitsev, Dougie Hamilton, Jake McCabe, Erik Gustafsson, Christian Folin

Scratches
Trevor van Riemsdyk (Healthy), Ryan Hartman (Healthy), Kevin Porter (Healthy)

Capitals

5 vs 5 Forward 
   Center                   Left Wing                Right Wing               Time % Phy DF OF 
 1 Brock Nelson             Elias Pettersson         Tomas Tatar              40     1   2  2  
 2 Jake Guentzel            Josh Bailey              Darren Helm              30     1   2  2  
 3 Valtteri Filppula        Joel Eriksson Ek         Tyler Pitlick            20     1   2  2  
 4 Riley Sheahan            Kevin Rooney             Brock Nelson             10     1   2  2  

5 vs 5 Defense 
   Defense                  Defense                                           Time % Phy DF OF 
 1 Damon Severson           Brady Skjei                                       40     1   2  2  
 2 Ian Cole                 Anton Stralman                                    30     1   2  2  
 3 Zach Bogosian            Ben Chiarot                                       20     1   2  2  
 4 Damon Severson           Brady Skjei                                       10     1   2  2  

PowerPlay Forward 
   Center                   Left Wing                Right Wing               Time % Phy DF OF 
 1 Brock Nelson             Elias Pettersson         Tomas Tatar              60     1   2  2  
 2 Jake Guentzel            Josh Bailey              Darren Helm              40     1   2  2  

PowerPlay Defense
   Defense                  Defense                                           Time % Phy DF OF 
 1 Damon Severson           Brady Skjei                                       60     1   2  2  
 2 Ian Cole                 Anton Stralman                                    40     1   2  2  

Penalty Kill 4 Players Forward 
   Center                   Wing                     Time % Phy DF OF 
 1 Brock Nelson             Elias Pettersson         60     1   2  2  
 2 Jake Guentzel            Tomas Tatar              40     1   2  2  

Penalty Kill 4 Players Defense
   Defense                  Defense                  Time % Phy DF OF 
 1 Damon Severson           Brady Skjei              60     1   2  2  
 2 Ian Cole                 Anton Stralman           40     1   2  2  

Penalty Kill - 3 Players Forward 
   Forward                                           Time % Phy DF OF 
 1 Brock Nelson                                      60     1   2  2  
 2 Elias Pettersson                                  40     1   2  2  

Penalty Kill - 3 Players Defense
   Defense                  Defense                  Time % Phy DF OF 
 1 Damon Severson           Brady Skjei              60     1   2  2  
 2 Ian Cole                 Anton Stralman           40     1   2  2  

4 vs 4 Forward 
   Center                   Wing                     Time % Phy DF OF 
 1 Brock Nelson             Elias Pettersson         60     1   2  2  
 2 Jake Guentzel            Tomas Tatar              40     1   2  2  

4 vs 4 Defense
   Defense                  Defense                  Time % Phy DF OF 
 1 Damon Severson           Brady Skjei              60     1   2  2  
 2 Ian Cole                 Anton Stralman           40     1   2  2  

Last Minutes Offensive
   Center                   Left Wing                Right Wing               Defense                  Defense                  
   Brock Nelson             Elias Pettersson         Tomas Tatar              Damon Severson           Brady Skjei              

Last Minutes Defensive
   Center                   Left Wing                Right Wing               Defense                  Defense                  
   Brock Nelson             Elias Pettersson         Tomas Tatar              Damon Severson           Brady Skjei              

Goaltenders
Starting : Samuel Montembeault      
Backup : Antti Raanta             

Extra Forwards
Normal : Derek Grant, Valtteri Filppula, Riley Sheahan - PP : Derek Grant, Valtteri Filppula - PK : Riley Sheahan
Extra Defensemen
Normal : Zach Bogosian, Ben Chiarot, Ian Cole - PP : Zach Bogosian - PK : Ben Chiarot, Ian Cole
Penalty Shots
Brock Nelson, Elias Pettersson, Jake Guentzel, Tomas Tatar, Josh Bailey
Custom OT Lines Forwards
Brock Nelson, Elias Pettersson, Jake Guentzel, Tomas Tatar, Josh Bailey, Valtteri Filppula, Riley Sheahan, Darren Helm, Joel Eriksson Ek, Tyler Pitlick
Custom OT Lines Defensemen
Damon Severson, Brady Skjei, Ian Cole, Anton Stralman, Zach Bogosian

Scratches
Claude Giroux (Healthy), Oliver Ekman-Larsson (Healthy)

% Time on Ice - Senateurs

Lines # - Real PCT - Wanted PCT - Time Play
Normal Forward
1 - 34% - 40% - 17:07
2 - 26% - 30% - 12:46
3 - 21% - 20% - 10:34
4 - 19% - 10% - 9:26
Normal Defense
1 - 39% - 40% - 19:35
2 - 28% - 30% - 14:10
3 - 27% - 20% - 13:24
4 - 5% - 10% - 2:44
PP Forward
1 - 49% - 60% - 1:57
2 - 51% - 40% - 2:01
PP Defense
1 - 62% - 60% - 2:28
2 - 38% - 40% - 1:30
PK Forward
1 - 73% - 60% - 4:19
2 - 27% - 40% - 1:38
PK Defense
1 - 71% - 60% - 4:13
2 - 29% - 40% - 1:44
PK3 Forward
1 - 0% - 60%
2 - 0% - 40%
PK3 Defense
1 - 0% - 60%
2 - 0% - 40%
44 Forward
1 - 0% - 60%
2 - 0% - 40%
44 Defense
1 - 0% - 60%
2 - 0% - 40%
Last Minute Offensive  - 0:00
Last Minute Defensive  - 0:12
Total
Forward - 60:00
Defense - 60:00

% Time on Ice - Capitals

Lines # - Real PCT - Wanted PCT - Time Play
Normal Forward
1 - 30% - 40% - 14:50
2 - 32% - 30% - 15:38
3 - 27% - 20% - 13:02
4 - 11% - 10% - 5:28
Normal Defense
1 - 32% - 40% - 15:49
2 - 31% - 30% - 15:09
3 - 33% - 20% - 16:11
4 - 4% - 10% - 1:49
PP Forward
1 - 62% - 60% - 3:40
2 - 38% - 40% - 2:17
PP Defense
1 - 61% - 60% - 3:36
2 - 39% - 40% - 2:21
PK Forward
1 - 64% - 60% - 2:33
2 - 36% - 40% - 1:25
PK Defense
1 - 56% - 60% - 2:14
2 - 44% - 40% - 1:44
PK3 Forward
1 - 0% - 60%
2 - 0% - 40%
PK3 Defense
1 - 0% - 60%
2 - 0% - 40%
44 Forward
1 - 0% - 60%
2 - 0% - 40%
44 Defense
1 - 0% - 60%
2 - 0% - 40%
Last Minute Offensive  - 1:07
Last Minute Defensive  - 0:00
Total
Forward - 60:00
Defense - 60:00

Play-by-Play

1st period


0:01 of 1st period - Brock Nelson wins face-off versus Steven Stamkos in neutral zone.
0:10 of 1st period - Snap shot by Elias Pettersson.
0:10 of 1st period - Stopped by Mike Smith without a rebound.
0:11 of 1st period - Frans Nielsen wins face-off versus Jake Guentzel in Senateurs zone.
0:36 of 1st period - Jake McCabe is hit by Joel Eriksson Ek and loses puck.
0:43 of 1st period - Wrist shot by Tyler Pitlick.
0:43 of 1st period - Stopped by Mike Smith with a rebound.
0:57 of 1st period - Snap shot by Steven Stamkos.
0:57 of 1st period - Shot Misses the Net.
1:24 of 1st period - Minor Penalty to Ben Chiarot for Tripping.
1:25 of 1st period - Steven Stamkos wins face-off versus Brock Nelson in Capitals zone.
2:16 of 1st period - Wrist shot by Jake Guentzel.
2:16 of 1st period - Stopped by Mike Smith with a rebound.
3:24 of 1st period - Penalty to Ben Chiarot is over, Ben Chiarot is back on ice.
3:30 of 1st period - Karl Alzner is hit by Ian Cole and loses puck.
4:07 of 1st period - Ben Chiarot is hit by Karl Alzner and loses puck.
4:46 of 1st period - Jared McCann is hit by Brady Skjei and loses puck.
5:01 of 1st period - Loui Eriksson is hit by Damon Severson and loses puck.
5:46 of 1st period - Anton Stralman is hit by Jared McCann and loses puck.
6:00 of 1st period - Derek Grant is hit by Jesper Fast and loses puck.
6:13 of 1st period - Brady Skjei is hit by Lucas Wallmark and loses puck.
6:22 of 1st period - Jake Guentzel is hit by Tanner Pearson and loses puck.
6:42 of 1st period - Joel Eriksson Ek is hit by Christian Folin and loses puck.
6:53 of 1st period - Joel Eriksson Ek is hit by Nikita Zaitsev and loses puck.
7:08 of 1st period - Wrist shot by Brock Nelson.
7:08 of 1st period - Stopped by Mike Smith with a rebound.
7:37 of 1st period - Off-side.
7:38 of 1st period - Brock Nelson wins face-off versus Erik Haula in neutral zone.
7:45 of 1st period - Wrist shot by Elias Pettersson.
7:45 of 1st period - Shot Misses the Net.
7:47 of 1st period - Slapshot by Damon Severson.
7:47 of 1st period - Shot Blocked by Jesper Fast.
7:49 of 1st period - Slapshot by Brady Skjei.
7:49 of 1st period - Stopped by Mike Smith without a rebound.
7:50 of 1st period - Steven Stamkos wins face-off versus Darren Helm in Senateurs zone.
7:59 of 1st period - Snap shot by Jake Guentzel.
7:59 of 1st period - Stopped by Mike Smith without a rebound.
8:00 of 1st period - Josh Bailey wins face-off versus Steven Stamkos in Senateurs zone.
8:11 of 1st period - Slapshot by Jake Guentzel.
8:11 of 1st period - Deflect By Darren Helm.
8:11 of 1st period - Stopped by Mike Smith without a rebound.
8:12 of 1st period - Brock Nelson wins face-off versus Steven Stamkos in Senateurs zone.
9:01 of 1st period - Snap shot by Valtteri Filppula.
9:01 of 1st period - Stopped by Mike Smith with a rebound.
9:03 of 1st period - Wrist shot by Valtteri Filppula.
9:03 of 1st period - Deflect By Tyler Pitlick.
9:03 of 1st period - Shot Misses the Net.
9:03 of 1st period - Puck is out of play.
9:04 of 1st period - Valtteri Filppula wins face-off versus Jared McCann in Senateurs zone.
9:09 of 1st period - Wrist shot by Valtteri Filppula.
9:09 of 1st period - Shot Misses the Net.
9:42 of 1st period - Wrist shot by Brock Nelson.
9:42 of 1st period - Stopped by Mike Smith with a rebound.
9:44 of 1st period - Slapshot by Anton Stralman.
9:44 of 1st period - Stopped by Mike Smith with a rebound.
9:46 of 1st period - Slapshot by Ian Cole.
9:46 of 1st period - Stopped by Mike Smith without a rebound.
9:47 of 1st period - Jake Guentzel wins face-off versus Frans Nielsen in Senateurs zone.
10:02 of 1st period - Dougie Hamilton is hit by Jake Guentzel and loses puck.
10:34 of 1st period - Snap shot by Valtteri Filppula.
10:34 of 1st period - Deflect By Joel Eriksson Ek.
10:34 of 1st period - Shot Misses the Net.
10:34 of 1st period - Puck is out of play.
10:35 of 1st period - Frans Nielsen wins face-off versus Joel Eriksson Ek in Senateurs zone.
10:48 of 1st period - Snap shot by Valtteri Filppula.
10:48 of 1st period - Shot Misses the Net.
10:50 of 1st period - Slapshot by Joel Eriksson Ek.
10:50 of 1st period - Stopped by Mike Smith with a rebound.
11:00 of 1st period - Brady Skjei is hit by Karl Alzner and loses puck.
11:27 of 1st period - Jake Virtanen is hit by Jake Guentzel and loses puck.
11:50 of 1st period - Snap shot by Valtteri Filppula.
11:50 of 1st period - Shot Misses the Net.
12:40 of 1st period - Nikita Zaitsev is hit by Jake Guentzel and loses puck.
12:53 of 1st period - Snap shot by Josh Bailey.
12:53 of 1st period - Stopped by Mike Smith without a rebound.
12:54 of 1st period - Valtteri Filppula wins face-off versus Frans Nielsen in Senateurs zone.
13:46 of 1st period - Snap shot by Jared McCann.
13:46 of 1st period - Stopped by Samuel Montembeault with a rebound.
15:29 of 1st period - Ian Cole is hit by Christian Folin and loses puck.
15:50 of 1st period - Anton Stralman is hit by Jake Virtanen and loses puck.
15:57 of 1st period - Snap shot by Steven Stamkos.
15:57 of 1st period - Shot Misses the Net.
15:59 of 1st period - Wrist shot by Jakub Voracek.
15:59 of 1st period - Shot Hit the Post.
16:09 of 1st period - Wrist shot by Jake Guentzel.
16:09 of 1st period - Shot Misses the Net.
16:15 of 1st period - Anton Stralman is hit by Dougie Hamilton and loses puck.
16:46 of 1st period - Off-side.
16:47 of 1st period - Riley Sheahan wins face-off versus Devin Shore in neutral zone.
17:12 of 1st period - Snap shot by Jakub Voracek.
17:12 of 1st period - Stopped by Samuel Montembeault with a rebound.
17:14 of 1st period - Wrist shot by Nikita Zaitsev.
17:14 of 1st period - Stopped by Samuel Montembeault with a rebound.
17:16 of 1st period - Slapshot by Jake Virtanen.
17:16 of 1st period - Stopped by Samuel Montembeault without a rebound.
17:17 of 1st period - Valtteri Filppula wins face-off versus Steven Stamkos in Capitals zone.
18:21 of 1st period - Jakub Voracek is hit by Darren Helm and loses puck.
18:30 of 1st period - Zach Bogosian is hit by Karl Alzner and loses puck.
18:35 of 1st period - Wrist shot by Steven Stamkos.
18:35 of 1st period - Stopped by Samuel Montembeault with a rebound.
19:10 of 1st period - Snap shot by Steven Stamkos.
19:10 of 1st period - Shot Blocked by Josh Bailey.
19:12 of 1st period - Slapshot by Steven Stamkos.
19:12 of 1st period - Stopped by Samuel Montembeault without a rebound.
19:13 of 1st period - Brock Nelson wins face-off versus Frans Nielsen in Capitals zone.
19:13 of 1st period - Brock Nelson is hit by Dougie Hamilton.
19:19 of 1st period - Slapshot by Damon Severson.
19:19 of 1st period - Stopped by Mike Smith without a rebound.
19:20 of 1st period - Frans Nielsen wins face-off versus Brock Nelson in Senateurs zone.
19:24 of 1st period - Off-side.
19:25 of 1st period - Frans Nielsen wins face-off versus Brock Nelson in neutral zone.
19:46 of 1st period - Frans Nielsen is hit by Elias Pettersson and loses puck.
Goals for this period are 0 for Senateurs vs 0 for Capitals.
Shots for this period are 6 for Senateurs vs 14 for Capitals.

2nd period


0:01 of 2nd period - Frans Nielsen wins face-off versus Brock Nelson in neutral zone.
0:20 of 2nd period - Damon Severson is hit by Devin Shore.
0:44 of 2nd period - Jake McCabe is hit by Brady Skjei.
1:04 of 2nd period - Snap shot by Jared McCann.
1:04 of 2nd period - Stopped by Samuel Montembeault with a rebound.
1:14 of 2nd period - Slapshot by Damon Severson.
1:14 of 2nd period - Shot Blocked by Karl Alzner.
1:54 of 2nd period - Karl Alzner is hit by Jake Guentzel and loses puck.
2:59 of 2nd period - Backhand shot by Valtteri Filppula.
2:59 of 2nd period - Deflect By Joel Eriksson Ek.
2:59 of 2nd period - Stopped by Mike Smith with a rebound.
3:01 of 2nd period - Snap shot by Tyler Pitlick.
3:01 of 2nd period - Stopped by Mike Smith with a rebound.
3:03 of 2nd period - Wrist shot by Joel Eriksson Ek.
3:03 of 2nd period - Deflect By Lucas Wallmark.
3:03 of 2nd period - Stopped by Mike Smith with a rebound.
3:05 of 2nd period - Slapshot by Tyler Pitlick.
3:05 of 2nd period - Stopped by Mike Smith without a rebound.
3:06 of 2nd period - Steven Stamkos wins face-off versus Brock Nelson in Senateurs zone.
4:23 of 2nd period - Snap shot by Jake Guentzel.
4:23 of 2nd period - Shot Blocked by Dougie Hamilton.
4:25 of 2nd period - Snap shot by Jake Guentzel.
4:25 of 2nd period - Shot Misses the Net.
4:27 of 2nd period - Snap shot by Darren Helm.
4:27 of 2nd period - Shot Blocked by Steven Stamkos.
4:29 of 2nd period - Snap shot by Josh Bailey.
4:29 of 2nd period - Shot Misses the Net.
4:45 of 2nd period - Wrist shot by Jake Guentzel.
4:45 of 2nd period - Deflect By Darren Helm.
4:45 of 2nd period - Stopped by Mike Smith without a rebound.
4:46 of 2nd period - Brock Nelson wins face-off versus Frans Nielsen in Senateurs zone.
4:52 of 2nd period - Minor Penalty to Frans Nielsen for Tripping.
4:53 of 2nd period - Steven Stamkos wins face-off versus Elias Pettersson in Senateurs zone.
5:03 of 2nd period - Slapshot by Tomas Tatar.
5:03 of 2nd period - Stopped by Mike Smith with a rebound.
5:05 of 2nd period - Snap shot by Brady Skjei.
5:05 of 2nd period - Stopped by Mike Smith with a rebound.
5:58 of 2nd period - Icing by Ian Cole.
5:59 of 2nd period - Brock Nelson wins face-off versus Jakub Voracek in Capitals zone.
6:08 of 2nd period - Wrist shot by Jared McCann.
6:08 of 2nd period - Shot Misses the Net.
6:10 of 2nd period - Slapshot by Nikita Zaitsev.
6:10 of 2nd period - Shot Misses the Net.
6:12 of 2nd period - Snap shot by Nikita Zaitsev.
6:12 of 2nd period - Stopped by Samuel Montembeault without a rebound.
6:13 of 2nd period - Steven Stamkos wins face-off versus Jake Guentzel in Capitals zone.
6:14 of 2nd period - Wrist shot by Dustin Brown.
6:14 of 2nd period - Stopped by Samuel Montembeault with a rebound.
6:16 of 2nd period - Wrist shot by Steven Stamkos.
6:16 of 2nd period - Stopped by Samuel Montembeault without a rebound.
6:17 of 2nd period - Brock Nelson wins face-off versus Steven Stamkos in Capitals zone.
6:46 of 2nd period - Slapshot by Damon Severson.
6:46 of 2nd period - Stopped by Mike Smith with a rebound.
6:48 of 2nd period - Slapshot by Brady Skjei.
6:48 of 2nd period - Shot Blocked by Jake McCabe.
6:52 of 2nd period - Penalty to Frans Nielsen is over, Frans Nielsen is back on ice.
7:24 of 2nd period - Wrist shot by Tanner Pearson.
7:24 of 2nd period - Stopped by Samuel Montembeault with a rebound.
7:44 of 2nd period - Snap shot by Frans Nielsen.
7:44 of 2nd period - Shot Misses the Net.
9:14 of 2nd period - Steven Stamkos is hit by Ian Cole and loses puck.
9:31 of 2nd period - Jake Guentzel is hit by Erik Haula and loses puck.
9:46 of 2nd period - Josh Bailey is hit by Erik Gustafsson and loses puck.
11:03 of 2nd period - Icing by Loui Eriksson.
11:04 of 2nd period - Lucas Wallmark wins face-off versus Derek Grant in Senateurs zone.
11:04 of 2nd period - Lucas Wallmark is hit by Derek Grant.
11:24 of 2nd period - Wrist shot by Loui Eriksson.
11:24 of 2nd period - Shot Blocked by Derek Grant.
11:32 of 2nd period - Slapshot by Loui Eriksson.
11:32 of 2nd period - Stopped by Samuel Montembeault with a rebound.
11:34 of 2nd period - Wrist shot by Tanner Pearson.
11:34 of 2nd period - Stopped by Samuel Montembeault with a rebound.
11:36 of 2nd period - Slapshot by Loui Eriksson.
11:36 of 2nd period - Shot Blocked by Zach Bogosian.
11:36 of 2nd period - Zach Bogosian from Capitals is injured at 11:36 of 2nd period (Bruised Right Foot).
11:37 of 2nd period - Steven Stamkos wins face-off versus Brock Nelson in Capitals zone.
11:40 of 2nd period - Snap shot by Steven Stamkos.
11:40 of 2nd period - Shot Misses the Net.
12:01 of 2nd period - Minor Penalty to Jake Virtanen for Roughing.
12:02 of 2nd period - Steven Stamkos wins face-off versus Brock Nelson in Senateurs zone.
12:25 of 2nd period - Nikita Zaitsev is hit by Elias Pettersson and loses puck.
12:52 of 2nd period - Brady Skjei is hit by Jakub Voracek and loses puck.
13:07 of 2nd period - Snap shot by Josh Bailey.
13:07 of 2nd period - Deflect By Tanner Pearson.
13:07 of 2nd period - Stopped by Mike Smith with a rebound.
13:31 of 2nd period - Darren Helm is hit by Steven Stamkos and loses puck.
14:01 of 2nd period - Penalty to Jake Virtanen is over, Jake Virtanen is back on ice.
14:04 of 2nd period - Jared McCann is hit by Joel Eriksson Ek and loses puck.
14:19 of 2nd period - Slapshot by Jake Virtanen.
14:19 of 2nd period - Shot Misses the Net.
14:25 of 2nd period - Ben Chiarot is hit by Karl Alzner and loses puck.
15:16 of 2nd period - Ian Cole is hit by Steven Stamkos and loses puck.
16:27 of 2nd period - Darren Helm is hit by Jesper Fast and loses puck.
16:52 of 2nd period - Joel Eriksson Ek is hit by Lucas Wallmark and loses puck.
17:12 of 2nd period - Damon Severson is hit by Jakub Voracek and loses puck.
17:25 of 2nd period - Erik Gustafsson is hit by Ian Cole and loses puck.
17:38 of 2nd period - Snap shot by Tanner Pearson.
17:38 of 2nd period - Stopped by Samuel Montembeault with a rebound.
17:44 of 2nd period - Erik Gustafsson is hit by Damon Severson.
18:12 of 2nd period - Slapshot by Joel Eriksson Ek.
18:12 of 2nd period - Shot Misses the Net.
18:55 of 2nd period - Josh Bailey is hit by Jakub Voracek and loses puck.
19:15 of 2nd period - Tyler Pitlick is hit by Dougie Hamilton and loses puck.
19:36 of 2nd period - Valtteri Filppula is hit by Frans Nielsen and loses puck.
19:43 of 2nd period - Devin Shore is hit by Valtteri Filppula and loses puck.
19:50 of 2nd period - Darren Helm is hit by Frans Nielsen and loses puck.
Goals for this period are 0 for Senateurs vs 0 for Capitals.
Shots for this period are 8 for Senateurs vs 9 for Capitals.

3rd period


0:01 of 3rd period - Steven Stamkos wins face-off versus Brock Nelson in neutral zone.
0:06 of 3rd period - Slapshot by Jakub Voracek.
0:06 of 3rd period - Stopped by Samuel Montembeault without a rebound.
0:07 of 3rd period - Brock Nelson wins face-off versus Steven Stamkos in Capitals zone.
0:42 of 3rd period - Snap shot by Elias Pettersson.
0:42 of 3rd period - Shot Misses the Net.
0:44 of 3rd period - Wrist shot by Tomas Tatar.
0:44 of 3rd period - Shot Misses the Net.
0:54 of 3rd period - Wrist shot by Tomas Tatar.
0:54 of 3rd period - Stopped by Mike Smith with a rebound.
0:56 of 3rd period - Snap shot by Tomas Tatar.
0:56 of 3rd period - Stopped by Mike Smith with a rebound.
1:02 of 3rd period - Snap shot by Elias Pettersson.
1:02 of 3rd period - Deflect By Brock Nelson.
1:02 of 3rd period - Shot Misses the Net.
1:02 of 3rd period - Puck is out of play.
1:03 of 3rd period - Steven Stamkos wins face-off versus Jake Guentzel in Senateurs zone.
1:08 of 3rd period - Wrist shot by Steven Stamkos.
1:08 of 3rd period - Stopped by Samuel Montembeault without a rebound.
1:09 of 3rd period - Steven Stamkos wins face-off versus Jake Guentzel in Capitals zone.
1:18 of 3rd period - Wrist shot by Steven Stamkos.
1:18 of 3rd period - Deflect By Jakub Voracek.
1:18 of 3rd period - Stopped by Samuel Montembeault with a rebound.
1:20 of 3rd period - Slapshot by Dougie Hamilton.
1:20 of 3rd period - Shot Misses the Net.
1:22 of 3rd period - Wrist shot by Jakub Voracek.
1:22 of 3rd period - Goal by Jakub Voracek - Senateurs : 1 - Capitals : 0.
1:23 of 3rd period - Steven Stamkos wins face-off versus Brock Nelson in neutral zone.
1:26 of 3rd period - Snap shot by Jakub Voracek.
1:26 of 3rd period - Shot Blocked by Damon Severson.
2:27 of 3rd period - Slapshot by Joel Eriksson Ek.
2:27 of 3rd period - Shot Misses the Net.
3:41 of 3rd period - Slapshot by Nikita Zaitsev.
3:41 of 3rd period - Shot Misses the Net.
4:04 of 3rd period - Minor Penalty to Kevin Rooney for Cross-checking.
4:05 of 3rd period - Steven Stamkos wins face-off versus Brock Nelson in Capitals zone.
4:10 of 3rd period - Snap shot by Steven Stamkos.
4:10 of 3rd period - Shot Blocked by Elias Pettersson.
4:54 of 3rd period - Ian Cole is hit by Nikita Zaitsev and loses puck.
6:04 of 3rd period - Penalty to Kevin Rooney is over, Kevin Rooney is back on ice.
6:19 of 3rd period - Wrist shot by Lucas Wallmark.
6:19 of 3rd period - Deflect By Ben Chiarot.
6:19 of 3rd period - Shot Misses the Net.
6:19 of 3rd period - Puck is out of play.
6:20 of 3rd period - Lucas Wallmark wins face-off versus Jake Guentzel in Capitals zone.
6:59 of 3rd period - Valtteri Filppula is hit by Dustin Brown and loses puck.
7:12 of 3rd period - Jesper Fast is hit by Ian Cole and loses puck.
7:46 of 3rd period - Snap shot by Jakub Voracek.
7:46 of 3rd period - Goal by Jakub Voracek - Senateurs : 2 - Capitals : 0.
7:47 of 3rd period - Jakub Voracek wins face-off versus Brock Nelson in neutral zone.
7:50 of 3rd period - Snap shot by Steven Stamkos.
7:50 of 3rd period - Shot Misses the Net.
7:52 of 3rd period - Slapshot by Jake Virtanen.
7:52 of 3rd period - Shot Misses the Net.
7:54 of 3rd period - Snap shot by Jake Virtanen.
7:54 of 3rd period - Shot Misses the Net.
7:56 of 3rd period - Snap shot by Jake Virtanen.
7:56 of 3rd period - Stopped by Samuel Montembeault without a rebound.
7:57 of 3rd period - Steven Stamkos wins face-off versus Brock Nelson in Capitals zone.
7:58 of 3rd period - Slapshot by Jakub Voracek.
7:58 of 3rd period - Goal by Jakub Voracek - Senateurs : 3 - Capitals : 0.
7:59 of 3rd period - Brock Nelson wins face-off versus Steven Stamkos in neutral zone.
8:22 of 3rd period - Elias Pettersson is hit by Steven Stamkos and loses puck.
8:27 of 3rd period - Backhand shot by Jakub Voracek.
8:27 of 3rd period - Shot Misses the Net.
8:29 of 3rd period - Wrist shot by Dougie Hamilton.
8:29 of 3rd period - Deflect By Elias Pettersson.
8:29 of 3rd period - Stopped by Samuel Montembeault with a rebound.
8:31 of 3rd period - Slapshot by Dougie Hamilton.
8:31 of 3rd period - Deflect By Elias Pettersson.
8:31 of 3rd period - Stopped by Samuel Montembeault with a rebound.
8:33 of 3rd period - Slapshot by Nikita Zaitsev.
8:33 of 3rd period - Shot Blocked by Brady Skjei.
8:35 of 3rd period - Snap shot by Dougie Hamilton.
8:35 of 3rd period - Shot Blocked by Tomas Tatar.
8:37 of 3rd period - Slapshot by Dougie Hamilton.
8:37 of 3rd period - Stopped by Samuel Montembeault with a rebound.
8:39 of 3rd period - Wrist shot by Steven Stamkos.
8:39 of 3rd period - Shot Blocked by Damon Severson.
8:41 of 3rd period - Slapshot by Nikita Zaitsev.
8:41 of 3rd period - Shot Blocked by Elias Pettersson.
8:43 of 3rd period - Slapshot by Steven Stamkos.
8:43 of 3rd period - Stopped by Samuel Montembeault with a rebound.
8:45 of 3rd period - Snap shot by Steven Stamkos.
8:45 of 3rd period - Stopped by Samuel Montembeault with a rebound.
8:47 of 3rd period - Snap shot by Jake Virtanen.
8:47 of 3rd period - Deflect By Steven Stamkos.
8:47 of 3rd period - Shot Misses the Net.
8:47 of 3rd period - Puck is out of play.
8:48 of 3rd period - Frans Nielsen wins face-off versus Jake Guentzel in Capitals zone.
9:02 of 3rd period - Minor Penalty to Jake McCabe for Holding.
9:03 of 3rd period - Steven Stamkos wins face-off versus Tomas Tatar in Senateurs zone.
9:16 of 3rd period - Damon Severson is hit by Karl Alzner and loses puck.
9:29 of 3rd period - Steven Stamkos is hit by Josh Bailey and loses puck.
11:02 of 3rd period - Penalty to Jake McCabe is over, Jake McCabe is back on ice.
11:16 of 3rd period - Slapshot by Nikita Zaitsev.
11:16 of 3rd period - Shot Misses the Net.
12:29 of 3rd period - Icing by Joel Eriksson Ek.
12:30 of 3rd period - Valtteri Filppula wins face-off versus Erik Haula in Capitals zone.
12:30 of 3rd period - Valtteri Filppula is hit by Jake McCabe.
13:25 of 3rd period - Wrist shot by Loui Eriksson.
13:25 of 3rd period - Shot Misses the Net.
13:27 of 3rd period - Snap shot by Tanner Pearson.
13:27 of 3rd period - Stopped by Samuel Montembeault with a rebound.
13:29 of 3rd period - Slapshot by Erik Gustafsson.
13:29 of 3rd period - Deflect By Tanner Pearson.
13:29 of 3rd period - Shot Blocked by Damon Severson.
13:29 of 3rd period - Puck is out of play.
13:30 of 3rd period - Steven Stamkos wins face-off versus Darren Helm in Capitals zone.
13:37 of 3rd period - Wrist shot by Jake Guentzel.
13:37 of 3rd period - Shot Misses the Net.
13:39 of 3rd period - Snap shot by Darren Helm.
13:39 of 3rd period - Goal by Darren Helm - Senateurs : 3 - Capitals : 1.
13:40 of 3rd period - Brock Nelson wins face-off versus Steven Stamkos in neutral zone.
13:43 of 3rd period - Dougie Hamilton is hit by Brock Nelson and loses puck.
14:10 of 3rd period - Wrist shot by Dustin Brown.
14:10 of 3rd period - Stopped by Samuel Montembeault with a rebound.
14:12 of 3rd period - Wrist shot by Dustin Brown.
14:12 of 3rd period - Shot Misses the Net.
14:50 of 3rd period - Snap shot by Brock Nelson.
14:50 of 3rd period - Goal by Brock Nelson - Senateurs : 3 - Capitals : 2.
14:51 of 3rd period - Steven Stamkos wins face-off versus Brock Nelson in neutral zone.
15:47 of 3rd period - Snap shot by Frans Nielsen.
15:47 of 3rd period - Stopped by Samuel Montembeault with a rebound.
16:44 of 3rd period - Tyler Pitlick is hit by Erik Haula and loses puck.
17:02 of 3rd period - Backhand shot by Erik Haula.
17:02 of 3rd period - Stopped by Samuel Montembeault without a rebound.
17:03 of 3rd period - Steven Stamkos wins face-off versus Brock Nelson in Capitals zone.
17:10 of 3rd period - Snap shot by Steven Stamkos.
17:10 of 3rd period - Stopped by Samuel Montembeault with a rebound.
17:12 of 3rd period - Snap shot by Nikita Zaitsev.
17:12 of 3rd period - Shot Blocked by Ian Cole.
17:14 of 3rd period - Slapshot by Dougie Hamilton.
17:14 of 3rd period - Stopped by Samuel Montembeault with a rebound.
17:16 of 3rd period - Wrist shot by Jake Virtanen.
17:16 of 3rd period - Stopped by Samuel Montembeault without a rebound.
17:17 of 3rd period - Jake Guentzel wins face-off versus Erik Haula in Capitals zone.
17:44 of 3rd period - Tomas Tatar is hit by Jakub Voracek and loses puck.
18:31 of 3rd period - Ian Cole is hit by Jake Virtanen and loses puck.
18:42 of 3rd period - Dustin Brown is hit by Brock Nelson and loses puck.
19:01 of 3rd period - Capitals, Samuel Montembeault is pulled from the net.
19:09 of 3rd period - Slapshot by Elias Pettersson.
19:09 of 3rd period - Shot Misses the Net.
19:45 of 3rd period - Snap shot by Tomas Tatar.
19:45 of 3rd period - Shot Misses the Net.
19:47 of 3rd period - Slapshot by Anton Stralman.
19:47 of 3rd period - Stopped by Mike Smith without a rebound.
19:48 of 3rd period - John Tortorella call a timeout for Capitals.
19:48 of 3rd period - Steven Stamkos wins face-off versus Tomas Tatar in Senateurs zone.
Goals for this period are 3 for Senateurs vs 2 for Capitals.
Shots for this period are 19 for Senateurs vs 5 for Capitals.